 Dungeon Crawl Stone Soup version 0.29.0-4-gdea44cf6ec (webtiles) character file.

Game seed: 14188562932776531636

72 qw the Chopper (level 4, -4/26 HPs)
             Began as a Tengu Warper on Aug 28, 2022.
             Slain by an iguana (11 damage)
             ... on level 3 of the Dungeon.
             The game lasted 00:00:11 (2768 turns).

qw the Chopper (Tengu Warper)                       Turns: 2768, Time: 00:00:12

Health: -4/26      AC:  5    Str: 13    XL:     4   Next: 25%
Magic:  8/8        EV: 10    Int: 13    God:
Gold:   106        SH:  4    Dex: 14    Spells: 7/7 levels left

rFire   . . .      SeeInvis .   Y - +1 hand axe
rCold   . . .      Faith    .   d - +0 buckler
rNeg    + . .      Spirit   .   g - +0 ring mail
rPois   .          Reflect  .   (helmet restricted)
rElec   .          Harm     .   (no cloak)
rCorr   .          Rampage  .   (no gloves)
Will    .....                   (boots unavailable)
Stlth   +.........              (no amulet)
HPRegen 0.08/turn               j - ring of positive energy
MPRegen 0.11/turn               (no ring)

@: no status effects
A: beak, talons 3
a: no special abilities


You were on level 3 of the Dungeon.
You visited 1 branch of the dungeon, and saw 3 of its levels.

You collected 106 gold pieces.


Innate Abilities, Weirdness & Mutations

You have a beak for a mouth.
You have claws for feet.


   Skills:
 - Level 2.0 Fighting
 + Level 4.5 Axes
 - Level 1.0 Throwing
 - Level 1.1 Armour
 - Level 2.1 Dodging
 - Level 1.2 Shields
 - Level 2.0 Spellcasting
 - Level 2.4 Translocations


You had 7 spell levels left.
You didn't know any spells.
Your spell library contained the following spells:

 Spells                   Type           Power      Damage    Failure   Level
 Blink                    Tloc           14%        N/A       38%         2
 Gell's Gravitas          Tloc           7%         N/A       63%         3
 Lesser Beckoning         Tloc           7%         N/A       63%         3
 Teleport Other           Tloc           7%         N/A       63%         3
 Manifold Assault         Tloc           7%         N/A       100%        5

Inventory:

Hand Weapons
 a - a +0 mace
 Y - a +1 hand axe (weapon)
Armour
 d - a +0 buckler (worn)
 g - a +0 ring mail (worn)
Jewellery
 j - a ring of positive energy (left hand)
Scrolls
 b - a scroll of identify
Potions
 e - a potion of curing {unknown}
 l - a potion of mutation {unknown}
 m - a potion of ambrosia {unknown}

Dungeon Overview and Level Annotations

Branches:
Dungeon (3/15)

Altars:
The Shining One


Message History

Assign waypoint to what number? (0-9, D - delete waypoint) Waypoint 2 re-assigned from D:1 to D:3.
An iguana and a bat come into view.
The iguana hisses angrily.
A ball python comes into view.
Enter note:
2758 ||| Stepping ~*~*~tactically~*~*~ (stealth).
You hit the bat.
You kill the bat!
2761 ||| Stepping ~*~*~tactically~*~*~ (stealth).
The ball python hisses angrily.
You hit the iguana but do no damage. You claw the iguana.
The iguana is lightly wounded.
You block the iguana's attack.
You hit the iguana. You claw the iguana, but do no damage.
The iguana is lightly wounded.
The iguana bites you!
You barely miss the iguana. Your peck misses the iguana.
The iguana is lightly wounded.
You hit the ball python.
The ball python bites you but does no damage.
You block the ball python's attack. You block the iguana's attack.
The ball python bites you but does no damage.
The ball python grabs you. The ball python constricts you.
You closely miss the ball python. Your kick misses the ball python.
The ball python is moderately wounded.
You hit the iguana but do no damage. The iguana barely misses you.
The ball python bites you. The ball python constricts you.
You hit the ball python.
You kill the ball python!
You hit the iguana. The iguana misses you.
You hit the iguana but do no damage. You claw the iguana, but do no damage.
The iguana is moderately wounded.
The iguana bites you!
You hit the iguana but do no damage. You claw the iguana, but do no damage.
The iguana is moderately wounded.
The iguana bites you!
You die...

#[# #.# #.# #<#
#.# ..
.######.## #.#
.# .........#
#.# .#
.######..####.#
b# #.......# .#
##.####.###.#
#......@l%.#
######.....#
#.###.# #.# .#
#.# .# #.# .#
#.# S# ... ..
### ##


You could see an iguana.

Vanquished Creatures
  3 adders (D:2)
  2 dart slugs (D:1)
  4 bats
  6 endoplasms
  2 giant cockroaches (D:2)
  4 goblins
  2 hobgoblins (D:1)
  4 quokkas
  7 ball pythons
  4 rats
38 creatures vanquished.

Vanquished Creatures (others)
  5 plants (D:1)
5 creatures vanquished.

Grand Total: 43 creatures vanquished

Notes
Turn   | Place    | Note
-------+----------+-------------------------------------------
     0 | D:1      | qw the Tengu Warper began the quest for the Orb.
     0 | D:1      | Reached XP level 1. HP: 12/12 MP: 4/4
     0 | D:1      | 0 ||| qw: Version: 0.1-a-89-g26bdef1
     0 | D:1      | 0 ||| qw: Game counter: 3055
     0 | D:1      | 0 ||| qw: Always use a shield: true
     0 | D:1      | 0 ||| qw: God list: Okawaru
     0 | D:1      | 0 ||| qw: Allow faded altars: false
     0 | D:1      | 0 ||| qw: Do Orc after D:15 true
     0 | D:1      | 0 ||| qw: Do second Lair branch before Depths: true
     0 | D:1      | 0 ||| qw: Lair rune preference: random
     0 | D:1      | 0 ||| qw: Plans: Normal
     0 | D:1      | 0 ||| PLANNING D:1-11
   186 | D:1      | HP: 3/12 [constriction (1)]
   401 | D:1      | Reached skill level 3 in Axes
   401 | D:1      | Reached XP level 2. HP: 17/17 MP: 6/6
   674 | D:1      | HP: 2/17 [frozen (4)]
  1003 | D:1      | Reached XP level 3. HP: 20/21 MP: 7/7
  1406 | D:1      | 1406 ||| UPGRADING to +0 buckler.
  1411 | D:1      | 1411 ||| UPGRADING to +0 ring mail.
  1421 | D:1      | 1421 ||| DROPPING +0 leather armour.
  1422 | D:1      | 1422 ||| UPGRADING to ring of positive energy.
  1423 | D:1      | 1423 ||| READING scroll labelled FUNKYN YSUSCH.
  1426 | D:1      | 1426 ||| READING scroll labelled TUMOPS FENO.
  1427 | D:1      | 1427 ||| DROPPING scroll of blinking.
  1473 | D:2      | 1473 ||| DROPPING +0 club.
  1564 | D:2      | Found a glowing golden altar of the Shining One.
  1614 | D:2      | Reached skill level 1 in Shields
  1655 | D:2      | 1655 ||| READING 2 scrolls labelled ZUCVA CICS.
  1658 | D:2      | Found a faded altar of an unknown god.
  1688 | D:2      | 1688 ||| Stepping ~*~*~tactically~*~*~ (stealth).
  1699 | D:2      | Reached skill level 4 in Axes
  1705 | D:2      | Reached XP level 4. HP: 9/26 MP: 8/8
  2368 | D:2      | 2368 ||| READING scroll labelled MYQOUR ZEIBBO.
  2369 | D:2      | 2369 ||| READING scroll labelled JANKACVAOMP.
  2370 | D:2      | 2370 ||| READING scroll labelled VIEDAIBAICS.
  2371 | D:2      | 2371 ||| READING scroll labelled YMIENNITEU.
  2372 | D:2      | 2372 ||| DRINKING 2 clear potions.
  2373 | D:2      | 2373 ||| READING 2 scrolls of identify.
  2373 | D:2      | 2373 ||| IDENTIFYING red potion
  2374 | D:2      | 2374 ||| DROPPING potion of flight.
  2375 | D:2      | 2375 ||| DROPPING potion of attraction.
  2376 | D:2      | 2376 ||| Stepping randomly (stuck).
  2377 | D:2      | 2377 ||| Stepping ~*~*~tactically~*~*~ (cloud).
  2380 | D:2      | HP: 6/26 [poisoned by you (poison gas)]
  2385 | D:2      | HP: 2/26 [poisoned by you (poison gas)]
  2758 | D:3      | 2758 ||| Stepping ~*~*~tactically~*~*~ (stealth).
  2761 | D:3      | 2761 ||| Stepping ~*~*~tactically~*~*~ (stealth).
  2768 | D:3      | Slain by an iguana

Levels and vault maps discovered:
D:1:      spicycebolla_green_bress_n_ham_2, layout_basic, serial_bayou_lake_a
D:2:      layout_rooms, shapermc_ecumenical_altar_notcrosses, basic_altar,
          nicolae_underground_beach
D:3:      layout_loops_ring, tso_oasis_becter

Skill      XL: |  1  2  3 |
---------------+----------+-----
Axes           | 3 4 |  4.5
Shields        | 1 |  1.2
Fighting       | |  2.0
Throwing       | |  1.0
Armour         | |  1.1
Dodging        | |  2.1
Spellcasting   | |  2.0
Translocations | |  2.4

Action                   |  1- 3 |  4- 6 || total
-------------------------+-------+-------++-------
Melee: Hand axe          |    73 |    24 ||    97
       Kick              |    14 |     7 ||    21
       Peck              |    10 |     1 ||    11
Throw: Boomerang         |     7 |       ||     7
  Use: Scroll            |     3 |     5 ||     8
       Potion            |       |     1 ||     1
 Stab: Distracted        |     1 |       ||     1
Armor: Leather armour    |     6 |       ||     6
       Ring mail         |     8 |    10 ||    18
Dodge: Dodged            |    29 |    11 ||    40
Block: Buckler           |     4 |     7 ||    11

Table legend:
 A = Non-vault XP
 B = Vault XP
 C = Vault XP percentage of total XP
 D = Non-vault monster count
 E = Vault monster count
 F = Vault count percentage of total count
                 A         B        C        D         E       F
            +---------+---------+-------+---------+---------+-------
      Total |     103 |       0 |   0.0 |      38 |       0 |   0.0
            +---------+---------+-------+---------+---------+-------
        D:1 |      38 |       0 |   0.0 |      20 |       0 |   0.0
        D:2 |      61 |       0 |   0.0 |      16 |       0 |   0.0
        D:3 |       4 |       0 |   0.0 |       2 |       0 |   0.0
            +---------+---------+-------+---------+---------+-------
